 Dungeon Crawl Stone Soup version 0.31-a0-188-g5e087ee2ca (webtiles) character file.

Game seed: 10725179590888727624

20055 qw the Markself (level 12, -6/73 HPs)
             Began as a Deep Elf Hunter on June 22, 2023.
             Was a High Priest of Okawaru.
             Mangled by a yak (8 damage)
             ... led by a torpor snail
             ... while paralysed by a floating eye
             ... on level 4 of the Lair of Beasts.
             The game lasted 00:04:46 (10087 turns).

qw the Markself (Deep Elf Hunter)                  Turns: 10087, Time: 00:04:46

Health: -6/73      AC: 13    Str: 12    XL:     12   Next: 42%
Magic:  21/21      EV:  2    Int: 16    God:    Okawaru [*****.]
Gold:   1361       SH:  0    Dex: 24    Spells: 11/11 levels left

rFire   . . .        Y - +2 orcbow (freeze)
rCold   . . .        (shield currently unavailable)
rNeg    . . .        g - +1 acid dragon scales
rPois   .            (helmet restricted)
rElec   .            m - +1 cloak of Starlight {*Dazzle EV+4 Stlth--}
rCorr   +            o - +0 pair of gloves
SInv    .            (no boots)
Will    ++...        l - amulet of reflection
Stlth   +            k - +6 ring of dexterity
HPRegen 0.32/turn    (no ring)
MPRegen 0.17/turn

%: reflection
@: paralysed, heroic, slowed
A: antennae 1, strong-willed 1
a: Renounce Religion, Heroism, Finesse, Duel


You were on level 4 of the Lair of Beasts.
You worshipped Okawaru.
Okawaru was extremely pleased with you.
You visited 3 branches of the dungeon, and saw 14 of its levels.
You also visited: Ossuary.

You collected 2043 gold pieces.
You spent 682 gold pieces at shops.


Innate Abilities, Weirdness & Mutations

You have a pair of small antennae on your head.
You are strong-willed. (Will+)


   Skills:
 - Level 8.0(13.0) Fighting
 - Level 16.0(21.0) Ranged Weapons
 - Level 4.3(9.3) Armour
 + Level 12.0(17.0) Dodging
 - Level 1.2(6.2) Stealth
 - Level 10.0 Invocations


You had 11 spell levels left.
You didn't know any spells.
Your spell library was empty.

Inventory:

Hand Weapons
 Y - a +2 orcbow of freezing (weapon)
Armour
 g - +1 acid dragon scales (worn)
 m - the +1 cloak of Starlight (worn) {*Dazzle EV+4 Stlth--}
   (You acquired it on level 7 of the Dungeon)

   *Dazzle:   It may blind those who miss an attack against the wearer in melee
   combat.
   EV:        It affects your evasion (+4).
   Stlth:     It makes you much less stealthy.
 o - a +0 pair of gloves (worn)
 q - a +1 ring mail of cold resistance
Jewellery
 a - a ring of fire
 d - a ring of resist corrosion
 k - a +6 ring of dexterity (left hand)
 l - an amulet of reflection (around neck)
Scrolls
 f - 9 scrolls of identify
 i - 6 scrolls of teleportation
Potions
 b - 2 potions of mutation
 c - a potion of cancellation
 e - 2 potions of might
 h - 5 potions of curing
 j - 2 potions of heal wounds
 n - 2 potions of magic

Dungeon Overview and Level Annotations

Branches:
Dungeon (9/15)             Temple (1/1) D:4            Lair (4/5) D:9
 Shoals (0/4) Lair:2        Snake (0/4) Lair:2          Orc (0/2) D:9
Ossuary (visited)
  Slime: Lair:4-5

Altars:
Ashenzari
Cheibriados
Dithmenos
Elyvilon
Fedhas
Gozag
Hepliaklqana
Kikubaaqudgha
Makhleb
Nemelex Xobeh
Okawaru
Qazlal
Ru
Sif Muna
Trog
Uskayaw
Vehumet
Wu Jian
Xom
Yredelemnul
Zin
The Shining One

Shops:
D:6 =   D:7 [*[*   D:8 *   D:9 ?

Annotations:
D:4 2 runed translucent doors, qw's ghost, amateur GrFi


Message History

The arrow freezes the torpor snail.
The torpor snail is heavily wounded.
A water moccasin comes into view.
The torpor snail closely misses you. The yak barely misses you.
The yak is blinded by the light from your cloak!
You shoot an arrow. The water moccasin hisses angrily.
The arrow hits the torpor snail but does no damage.
The torpor snail is heavily wounded.
The yak misses you.
A floating eye comes into view.
The yak gores you! The torpor snail completely misses you.
You shoot an arrow.
The floating eye turns its gaze towards you.
The arrow hits the torpor snail but does no damage.
The torpor snail is heavily wounded.
The floating eye's stare focuses on you.
The yak completely misses you. The yak misses you.
An eye of devastation comes into view.
The torpor snail barely misses you.
You shoot an arrow. The arrow hits the torpor snail!
The arrow freezes the torpor snail.
The torpor snail is almost dead.
The yak gores you but does no damage. The yak barely misses you.
The yak misses you.
You shoot an arrow. The arrow hits the torpor snail.
The arrow freezes the torpor snail.
The torpor snail is almost dead.
The yak is no longer blind.
The floating eye gazes piercingly through you!
You suddenly lose the ability to move!
The yak gores you.
The yak gores you but does no damage. x2; The torpor snail bites you!!
The yak gores you! x2; The yak gores you but does no damage.
The torpor snail bites you.
The floating eye's stare focuses on you.
The yak gores you.
The yak gores you but does no damage. x2
The torpor snail bites you. The yak gores you but does no damage.
The yak gores you. The yak gores you! The yak gores you!
You die...

.........
.........
#........
......... #
##........
.###.#.........
......Y........
.....SY@.......
.....GYw.......
.............#.
....G..........
...............
.......##......
....P.# #.....
....## .....


You could see a torpor snail, an eye of devastation, 3 yaks, a water moccasin
and a floating eye (charged).

Vanquished Creatures
  2 hydras
  A two-headed ogre (D:8)
  A skyshark (Lair:3)
  Amaemon (Lair:2)
  A black mamba (Lair:1)
  5 rime drakes
  An orange demon (Lair:2)
  Psyche (D:8)
  5 cane toads
  A torpor snail (Lair:3)
  5 komodo dragons
  3 polar bears
  A hornet (D:8)
  7 blink frogs (Lair:2)
  Sigmund (D:5)
  4 wyverns
  Eustachio (D:5)
  18 yaks
  4 basilisks
  Menkaure (D:7)
  3 nagas (Lair:2)
  7 water moccasins
  2 orc warriors
  A sky beast (D:6)
  An ice beast (D:7)
  2 black bears
  21 wolves
  3 centaurs
  A kobold brigand (D:6)
  12 bullfrogs
  4 gnoll sergeants (D:9)
  2 scorpions (D:4)
  6 killer bees
  A jelly (D:4)
  An orc priest (D:9)
  5 hounds
  A sleepcap (D:6)
  2 iguanas
  4 orc wizards
  8 mummies (Ossuary)
  Robin (D:3)
  14 gnolls (D:9)
  7 adders
  A shadow imp (D:5)
  2 white imps
  A worm (D:3)
  A dart slug (D:3)
  16 orcs
  8 bats
  5 endoplasms
  A giant cockroach (D:2)
  A gnoll zombie (Ossuary)
  23 goblins
  16 hobgoblins
  4 jackals (D:1)
  13 kobolds
  4 quokkas
  7 ball pythons
  3 hobgoblin zombies (Ossuary)
  2 kobold zombies (Ossuary)
  2 orc zombies (Ossuary)
  6 rats
289 creatures vanquished.

Notes
Turn   | Place    | Note
-------+----------+-------------------------------------------
     0 | D:1      | qw the Deep Elf Hunter began the quest for the Orb.
     0 | D:1      | Reached XP level 1. HP: 12/12 MP: 3/3
     0 | D:1      | 0 ||| qw: Version: 0.3-a-9-g12657ce
     0 | D:1      | 0 ||| qw: Game counter: 2830
     0 | D:1      | 0 ||| qw: Always use a shield: true
     0 | D:1      | 0 ||| qw: God list: Okawaru
     0 | D:1      | 0 ||| qw: Allow faded altars: false
     0 | D:1      | 0 ||| qw: Do Orc after D:15 true
     0 | D:1      | 0 ||| qw: Do second Lair branch before Depths: true
     0 | D:1      | 0 ||| qw: Lair rune preference: random
     0 | D:1      | 0 ||| qw: Plans: Normal
     0 | D:1      | 0 ||| PLANNING D:1-11
   263 | D:1      | Reached skill level 6 in Ranged Weapons
   263 | D:1      | Reached XP level 2. HP: 16/16 MP: 4/4
   376 | D:1      | 376 ||| UPGRADING to +0 ring mail.
   386 | D:1      | 386 ||| DROPPING +0 leather armour.
   387 | D:1      | 387 ||| UPGRADING to +0 acid dragon scales.
   397 | D:1      | 397 ||| DROPPING +0 ring mail.
   398 | D:1      | 398 ||| UPGRADING to amulet of guardian spirit.
   403 | D:1      | 403 ||| READING scroll labelled IRUADU POXAA.
   404 | D:1      | 404 ||| READING scroll labelled APTIECLICU.
   405 | D:1      | 405 ||| READING 3 scrolls labelled GOTHROP OFYOV.
   410 | D:1      | 410 ||| DROPPING scroll of butterflies.
   463 | D:2      | Found a shadowy altar of Dithmenos.
   647 | D:2      | Reached XP level 3. HP: 20/20 MP: 5/5
   801 | D:2      | Reached skill level 7 in Ranged Weapons
  1328 | D:2      | 1328 ||| UPGRADING to +0 cloak.
  1333 | D:2      | 1333 ||| READING scroll labelled ODOLOCA HOEGY.
  1334 | D:2      | 1334 ||| READING scroll labelled PIOGEF DED GOLLI.
  1335 | D:2      | 1335 ||| READING scroll labelled AZOAHA KUKHOUH.
  1336 | D:2      | 1336 ||| DRINKING 2 orange potions.
  1337 | D:2      | 1337 ||| DROPPING potion of attraction.
  1363 | D:3      | Reached XP level 4. HP: 25/25 MP: 6/6
  1452 | D:3      | Found an ornate altar of the Wu Jian Council.
  1551 | D:3      | Noticed Robin
  1564 | D:3      | HP: 5/25 [goblin/+0 dagger[Robin] (3)]
  1565 | D:3      | 1565 ||| READING 3 scrolls of teleportation.
  1697 | D:3      | Killed Robin
  1698 | D:3      | Reached skill level 8 in Ranged Weapons
  1741 | D:3      | Found a hide-covered altar of Uskayaw.
  1742 | D:3      | Found a shadowy altar of Dithmenos.
  1747 | D:3      | Found a radiant altar of Vehumet.
  1747 | D:3      | Found a stormy altar of Qazlal.
  1965 | D:3      | 1965 ||| UPGRADING to +0 helmet.
  1970 | D:3      | 1970 ||| DRINKING 2 grey potions.
  1985 | D:4      | 1985 ||| PLANNING OSSUARY
  2057 | D:4      | 2057 ||| FLEEEEING.
  2064 | D:4      | Reached XP level 5. HP: 21/29 MP: 3/7
  2129 | D:4      | Found a staircase to the Ecumenical Temple.
  2259 | D:4      | Reached skill level 9 in Ranged Weapons
  2297 | D:4      | Reached skill level 1 in Armour
  2297 | D:4      | Reached XP level 6. HP: 12/34 MP: 5/8
  2415 | D:4      | Found a runed translucent door.
  2417 | D:4      | Noticed qw's ghost (amateur GrFi)
  2572 | D:4      | Found a sand-covered staircase.
  2573 | D:4      | 2573 ||| UPGRADING to +0 pair of gloves.
  2578 | D:4      | 2578 ||| READING scroll labelled BICORGH UHEK.
  2579 | D:4      | 2579 ||| DRINKING 2 sedimented cyan potions.
  2580 | D:4      | 2580 ||| READING 4 scrolls of identify.
  2580 | D:4      | 2580 ||| IDENTIFYING smoky pink potion
  2581 | D:4      | 2581 ||| READING 3 scrolls of identify.
  2581 | D:4      | 2581 ||| IDENTIFYING blue potion
  2582 | D:4      | 2582 ||| READING 2 scrolls of identify.
  2582 | D:4      | 2582 ||| IDENTIFYING golden potion
  2583 | D:4      | 2583 ||| DROPPING potion of lignification.
  2584 | D:4      | 2584 ||| DROPPING potion of degeneration.
  2585 | D:4      | 2585 ||| DROPPING potion of invisibility.
  2592 | Ossuary  | Entered an ossuary
  2677 | Ossuary  | Reached skill level 3 in Dodging
  2800 | Ossuary  | 2800 ||| READING 3 scrolls labelled XONAUNA BUTEOH.
  2801 | Ossuary  | 2801 ||| READING scroll labelled ZUSEETT XISERR.
  2802 | Ossuary  | 2802 ||| READING scroll labelled OCHUCA COOS.
  2851 | Ossuary  | 2851 ||| READING scroll labelled MUIWOXT DURCH.
  2852 | Ossuary  | 2852 ||| DRINKING 2 murky purple potions.
  2852 | Ossuary  | Gained mutation: You have a pair of small antennae on your
                  | head. [potion of mutation]
  2852 | Ossuary  | Gained mutation: You are strong-willed. (Will+) [potion of
                  | mutation]
  2853 | Ossuary  | 2853 ||| DROPPING +0 helmet.
  2854 | Ossuary  | 2854 ||| DROPPING 2 scrolls of fog.
  2856 | Ossuary  | 2856 ||| Stepping ~*~*~tactically~*~*~ (cloud).
  2971 | D:4      | 2971 ||| PLANNING TEMPLE
  2987 | Temple   | Entered the Ecumenical Temple
  2988 | Temple   | 2988 ||| PLANNING OKAWARU WORSHIP
  3065 | Temple   | Became a worshipper of Warmaster Okawaru
  3066 | Temple   | 3066 ||| PLANNING D:1-11
  3066 | Temple   | 3066 ||| REMOVING amulet of guardian spirit.
  3071 | Temple   | 3071 ||| DROPPING amulet of guardian spirit.
  3221 | D:4      | Found a runed translucent door.
  3311 | D:4      | Reached skill level 10 in Ranged Weapons
  3375 | D:5      | Entered Level 5 of the Dungeon
  3392 | D:5      | Reached XP level 7. HP: 29/40 MP: 9/9
  3456 | D:5      | 3456 ||| SWAPPING to +0 orcbow.
  3460 | D:5      | 3460 ||| DROPPING +1 shortbow.
  3559 | D:5      | Found a snail-covered altar of Cheibriados.
  3708 | D:5      | Noticed Eustachio
  3720 | D:5      | Killed Eustachio
  3721 | D:5      | Reached skill level 11 in Ranged Weapons
  3813 | D:5      | Noticed Sigmund
  3822 | D:5      | Killed Sigmund
  3822 | D:5      | Reached * piety under Okawaru
  4174 | D:5      | 4174 ||| UPGRADING to +6 ring of dexterity.
  4175 | D:5      | 4175 ||| READING 2 scrolls labelled DUCAMU DUYF.
  4176 | D:5      | 4176 ||| READING scroll of enchant armour.
  4176 | D:5      | 4176 ||| ENCHANTING +0 acid dragon scales.
  4177 | D:5      | 4177 ||| READING 3 scrolls of identify.
  4177 | D:5      | 4177 ||| IDENTIFYING purple potion
  4190 | D:5      | 4190 ||| DROPPING potion of brilliance.
  4319 | D:6      | Found a bloodstained altar of Trog.
  4383 | D:6      | Reached XP level 8. HP: 44/44 MP: 10/10
  4392 | D:6      | Reached skill level 1 in Invocations
  4666 | D:6      | Found Otoxihof's Jewellery Shoppe.
  4675 | D:6      | 4675 ||| BUYING amulet of reflection (450 gold).
  4675 | D:6      | Bought an amulet of reflection for 450 gold pieces
  4675 | D:6      | 4675 ||| SHOPLISTING ring "Osauc" {Ice Str+5} (637 gold,
                  | have 65).
  4675 | D:6      | 4675 ||| SHOPLISTING ring of positive energy (300 gold,
                  | have 65).
  4675 | D:6      | 4675 ||| SHOPLISTING ring of protection from fire (375
                  | gold, have 65).
  4675 | D:6      | 4675 ||| SHOPLISTING ring of see invisible (225 gold, have
                  | 65).
  4675 | D:6      | 4675 ||| SHOPLISTING ring of the Octopus King {rF+ HP+2
                  | AC+2 EV+2 SH+2} (921 gold, have 65).
  4675 | D:6      | 4675 ||| SHOPLISTING ring of the Scarab {Fly Int+3 Slay+3}
                  | (651 gold, have 65).
  4824 | D:6      | Reached skill level 12 in Ranged Weapons
  4985 | D:6      | 4985 ||| UPGRADING to amulet of reflection.
  4990 | D:6      | 4990 ||| READING 2 scrolls of identify.
  4990 | D:6      | 4990 ||| IDENTIFYING green potion
  5047 | D:7      | Reached skill level 3 in Invocations
  5088 | D:7      | Found Ijidoosch's Antique Armour Shoppe.
  5125 | D:7      | Found a glowing golden altar of the Shining One.
  5125 | D:7      | Found a white marble altar of Elyvilon.
  5125 | D:7      | Found a glowing silver altar of Zin.
  5137 | D:7      | Found Tudujeff's General Store.
  5144 | D:7      | 5144 ||| SHOPLISTING +1 troll leather armour (308 gold,
                  | have 76).
  5144 | D:7      | 5144 ||| SHOPLISTING +5 scale mail of the Equator {Rampage
                  | Fly Will- Str-4} (406 gold, have 76).
  5192 | D:7      | Noticed Menkaure
  5193 | D:7      | 5193 ||| INVOKING Heroism.
  5201 | D:7      | Killed Menkaure
  5202 | D:7      | Reached skill level 3 in Fighting
  5271 | D:7      | Found Oplyo's General Store.
  5276 | D:7      | Reached ** piety under Okawaru
  5282 | D:7      | Found Utuigajint's Armour Boutique.
  5283 | D:7      | 5283 ||| BUYING 2 scrolls of teleportation (84 gold).
  5283 | D:7      | Bought 2 scrolls of teleportation for 84 gold pieces
  5283 | D:7      | 5283 ||| SHOPLISTING scroll of identify (28 gold, have 3).
  5315 | D:7      | 5315 ||| SHOPLISTING +2 fire dragon scales (1080 gold, have
                  | 36).
  5315 | D:7      | 5315 ||| SHOPLISTING +2 pair of gloves (247 gold, have 36).
  5331 | D:7      | 5331 ||| INVOKING Heroism.
  5333 | D:7      | Reached skill level 13 in Ranged Weapons
  5579 | D:7      | 5579 ||| READING scroll labelled BOAHIW MANLEWN.
  5580 | D:7      | 5580 ||| READING scroll labelled TEUSOCK IXZI.
  5581 | D:7      | 5581 ||| READING scroll labelled EXUTA XASMIPLO.
  5581 | D:7      | Identified a scroll of acquirement
  5581 | D:7      | 5581 ||| ACQUIRING +1 cloak of Starlight {*Dazzle EV+4
                  | Stlth--}
  5581 | D:7      | Acquired the +1 cloak of Starlight {*Dazzle EV+4 Stlth--}
  5581 | D:7      | Found the +1 cloak of Starlight {*Dazzle EV+4 Stlth--}
  5583 | D:7      | 5583 ||| UPGRADING to +1 cloak of Starlight {*Dazzle EV+4
                  | Stlth--}.
  5593 | D:7      | 5593 ||| DROPPING +0 cloak.
  5658 | D:8      | Found a sacrificial altar of Ru.
  5697 | D:8      | Noticed a hornet
  5706 | D:8      | 5706 ||| INVOKING Heroism.
  5708 | D:8      | HP: 6/46 [hornet (9)]
  5709 | D:8      | 5709 ||| READING 6 scrolls of teleportation.
  5710 | D:8      | 5710 ||| DRINKING 3 potions of heal wounds.
  5712 | D:8      | Killed a hornet
  5713 | D:8      | Reached skill level 6 in Dodging
  5713 | D:8      | Reached XP level 9. HP: 33/50 MP: 12/14
  5794 | D:8      | 5794 ||| INVOKING Heroism.
  5797 | D:8      | 5797 ||| Stepping ~*~*~tactically~*~*~ (outnumbered).
  5825 | D:8      | Found Paoxucak's Overcharged Wands.
  5834 | D:8      | 5834 ||| SHOPLISTING wand of digging (11) (693 gold, have
                  | 80).
  5838 | D:8      | Noticed Psyche
  5839 | D:8      | 5839 ||| INVOKING Heroism.
  5846 | D:8      | Killed Psyche
  5921 | D:8      | Found a broken altar of Ashenzari.
  5942 | D:8      | Noticed a two-headed ogre
  5943 | D:8      | 5943 ||| INVOKING Heroism.
  5954 | D:8      | Killed a two-headed ogre
  5955 | D:8      | Reached skill level 15 in Ranged Weapons
  6242 | D:8      | 6242 ||| READING scroll labelled HASCHY UGAYGUTS.
  6343 | D:8      | 6343 ||| DRINKING 2 smoky dark potions.
  6413 | D:9      | 6413 ||| INVOKING Heroism.
  6465 | D:9      | 6465 ||| Stepping ~*~*~tactically~*~*~ (outnumbered).
  6467 | D:9      | 6467 ||| Stepping ~*~*~tactically~*~*~ (outnumbered).
  6525 | D:9      | Reached XP level 10. HP: 55/56 MP: 15/15
  6527 | D:9      | Reached *** piety under Okawaru
  6538 | D:9      | Reached skill level 16 in Ranged Weapons
  6667 | D:9      | Found a staircase to the Lair.
  6700 | D:9      | Found a flagged portal.
  6738 | D:9      | 6738 ||| INVOKING Heroism.
  6949 | D:9      | 6949 ||| INVOKING Heroism.
  6977 | D:9      | Found Podgh's Magic Scroll Emporium.
  6983 | D:9      | 6983 ||| BUYING scroll of enchant weapon (82 gold).
  6983 | D:9      | Bought a scroll of enchant weapon for 82 gold pieces
  6983 | D:9      | 6983 ||| BUYING scroll of identify (22 gold).
  6983 | D:9      | Bought a scroll of identify for 22 gold pieces
  6983 | D:9      | 6983 ||| BUYING scroll of identify (22 gold).
  6983 | D:9      | Bought a scroll of identify for 22 gold pieces
  6983 | D:9      | 6983 ||| BUYING scroll of identify (22 gold).
  6983 | D:9      | Bought a scroll of identify for 22 gold pieces
  6983 | D:9      | 6983 ||| SHOPLISTING scroll of identify (22 gold, have 3).
  6983 | D:9      | 6983 ||| SHOPLISTING scroll of teleportation (33 gold, have
                  | 3).
  6983 | D:9      | 6983 ||| READING scroll of enchant weapon.
  6983 | D:9      | 6983 ||| ENCHANTING +0 orcbow of freezing.
  7000 | D:9      | Found a staircase to the Orcish Mines.
  7134 | D:9      | 7134 ||| INVOKING Heroism.
  7200 | D:9      | 7200 ||| PLANNING LAIR
  7213 | Lair:1   | Entered Level 1 of the Lair of Beasts
  7216 | Lair:1   | Reached skill level 9 in Dodging
  7282 | Lair:1   | Noticed a black mamba
  7283 | Lair:1   | 7283 ||| INVOKING Heroism.
  7293 | Lair:1   | Killed a black mamba
  7312 | Lair:1   | Reached **** piety under Okawaru
  7351 | Lair:1   | Noticed a cane toad
  7352 | Lair:1   | 7352 ||| INVOKING Heroism.
  7360 | Lair:1   | Killed a cane toad
  7443 | Lair:1   | 7443 ||| INVOKING Heroism.
  7538 | Lair:1   | 7538 ||| INVOKING Heroism.
  7550 | Lair:1   | Reached skill level 3 in Armour
  7568 | Lair:1   | 7568 ||| INVOKING Heroism.
  7574 | Lair:1   | Reached XP level 11. HP: 64/64 MP: 14/17
  7751 | Lair:1   | Reached skill level 6 in Invocations
  8075 | Lair:1   | 8075 ||| DRINKING 2 dark potions.
  8076 | Lair:1   | 8076 ||| DRINKING 5 potions of curing.
  8076 | Lair:1   | 8076 ||| (to cure confusion)
  8077 | Lair:1   | 8077 ||| DROPPING potion of ambrosia.
  8112 | Lair:2   | 8112 ||| INVOKING Heroism.
  8139 | Lair:2   | Reached skill level 6 in Fighting
  8147 | Lair:2   | 8147 ||| INVOKING Heroism.
  8176 | Lair:2   | 8176 ||| INVOKING Heroism.
  8254 | Lair:2   | 8254 ||| INVOKING Heroism.
  8368 | Lair:2   | Found a staircase to the Shoals.
  8385 | Lair:2   | 8385 ||| INVOKING Heroism.
  8424 | Lair:2   | 8424 ||| INVOKING Heroism.
  8444 | Lair:2   | Reached ***** piety under Okawaru
  8444 | Lair:2   | HP: 14/64 [wolf (5)]
  8445 | Lair:2   | 8445 ||| READING 8 scrolls of teleportation.
  8446 | Lair:2   | 8446 ||| DRINKING 5 potions of heal wounds.
  8589 | Lair:2   | Reached skill level 9 in Invocations
  8617 | Lair:2   | 8617 ||| INVOKING Heroism.
  8619 | Lair:2   | Noticed an eight-headed hydra
  8624 | Lair:2   | Noticed Amaemon
  8642 | Lair:2   | Killed an eight-headed hydra
  8642 | Lair:2   | Received a gift from Okawaru
  8650 | Lair:2   | HP: 14/67 [Amaemon/-2 demon whip of venom (6)]
  8651 | Lair:2   | 8651 ||| READING 7 scrolls of teleportation.
  8652 | Lair:2   | 8652 ||| DRINKING 4 potions of heal wounds.
  8656 | Lair:2   | HP: 16/67 [Amaemon/-2 demon whip of venom (6)]
  8657 | Lair:2   | 8657 ||| DRINKING 3 potions of heal wounds.
  8934 | Lair:2   | 8934 ||| READING scroll of enchant weapon.
  8934 | Lair:2   | 8934 ||| ENCHANTING +1 orcbow of freezing.
  9050 | Lair:2   | 9050 ||| INVOKING Heroism.
  9054 | Lair:2   | Killed Amaemon
  9055 | Lair:2   | Reached XP level 12. HP: 72/72 MP: 18/21
  9090 | Lair:2   | Found a staircase to the Snake Pit.
  9092 | Lair:2   | 9092 ||| Stepping ~*~*~tactically~*~*~ (outnumbered).
  9095 | Lair:2   | 9095 ||| Stepping ~*~*~tactically~*~*~ (outnumbered).
  9193 | Lair:2   | 9193 ||| INVOKING Heroism.
  9437 | Lair:3   | Reached skill level 12 in Dodging
  9448 | Lair:3   | 9448 ||| INVOKING Heroism.
  9478 | Lair:3   | 9478 ||| Stepping ~*~*~tactically~*~*~ (water).
  9530 | Lair:3   | Noticed a four-headed hydra
  9531 | Lair:3   | 9531 ||| INVOKING Heroism.
  9541 | Lair:3   | Killed a four-headed hydra
  9645 | Lair:3   | 9645 ||| FLEEEEING.
  9646 | Lair:3   | 9646 ||| FLEEEEING.
  9699 | Lair:3   | 9699 ||| READING scroll of acquirement.
  9699 | Lair:3   | 9699 ||| ACQUIRING 1131 gold pieces
  9699 | Lair:3   | Acquired 1131 gold pieces
 10034 | Lair:3   | 10034 ||| DRINKING 2 black potions.
 10071 | Lair:4   | 10071 ||| INVOKING Heroism.
 10084 | Lair:4   | Paralysed by a floating eye for 4 turns
 10085 | Lair:4   | HP: 18/73 [torpor snail (2)]
 10086 | Lair:4   | HP: 2/73 [yak[a torpor snail] (11)]
 10087 | Lair:4   | Mangled by a yak

Levels and vault maps discovered:
D:1:      wheals_arrival_shading, layout_rooms, hangedman_decor_points,
          minmay_tiny_reverse_x
D:2:      kb_forest_paths, layout_basic, basic_altar, kennysheep_generic_room_7
D:3:      layout_rooms, nzn_wu_jian_contemplation, mainiacjoe_overflow_alcove_3,
          uniq_robin
D:4:      kennysheep_the_goblin_king, layout_loops_cross,
          minmay_temple_entry_hall, enter_ossuary_1, ebering_ghost_sewer_f
D:5:      layout_basic, general_overflow_altar, kennysheep_generic_room_14,
          uniq_eustachio, uniq_sigmund
D:6:      layout_basic, lemuel_coloured_pillars_altar, serial_shops,
          nicolae_lakefront_shop
D:7:      layout_basic, good_gods_mini_temple, serial_shops, shop_fountains,
          nicolae_shop_just_a_little_nook, nicolae_shop_window_shopping,
          nicolae_shop_just_a_little_nook, uniq_menkaure
D:8:      layout_loops_ring, mainiacjoe_overflow_chevrons,
          cheibrodos_ashenzari_chains, nicolae_shop_overcharged_wands,
          uniq_psyche
D:9:      layout_roguey, minmay_lair_entry_grove, enter_bailey_5, serial_shops,
          nicolae_shop_just_a_little_nook
Temple:   compressed_dpeg_circular_temple
Lair:1:   layout_chaotic_city, serial_bayou_shore_b, grunt_megastairs_1
Lair:2:   beast_lair_carwin_large_2, layout_gridlike, elwin_shoals_entry_rocks,
          guppyfry_snake_entry_garden, uniq_amaemon
Lair:3:   layout_hall_layers, serial_rivers, chequers_serial_rivers_small_b,
          chequers_serial_rivers_small_3, chequers_serial_rivers_micro_e,
          chequers_serial_rivers_micro_e
Lair:4:   layout_layer_cave, minmay_slime_entry_eyes

Skill      XL: |  1  2  3  4  5  6  7  8  9 10 11 12 |
---------------+-------------------------------------+-----
Ranged Weapons | 6 7 8 9 10 11 13 15 16 | 16.0
Armour         | 1 2 3 4 |  4.3
Fighting       | 2 3 4 5 7 8 |  8.0
Dodging        | 3 4 6 7 10 11 12 | 12.0
Invocations    | 4 5 9 10 | 10.0
Stealth        | |  1.2

Action                     |  1- 3 |  4- 6 |  7- 9 | 10-12 || total
---------------------------+-------+-------+-------+-------++-------
   Fire: Shortbow          |    99 |   272 |     6 |       ||   377
         Orcbow            |       |       |   257 |   514 ||   771
 Invoke: Heroism           |       |       |     7 |    20 ||    27
    Use: Scroll            |     6 |     9 |     9 |     5 ||    29
         Potion            |     1 |     3 |     2 |     6 ||    12
 Armour: Acid dragon scale |     1 |    41 |    23 |    34 ||    99
  Dodge: Dodged            |    28 |    71 |    95 |   390 ||   584
  Block: Other             |       |       |    26 |    78 ||   104
         Reflection        |       |       |     3 |     1 ||     4

Table legend:
 A = Non-vault XP
 B = Vault XP
 C = Vault XP percentage of total XP
 D = Non-vault monster count
 E = Vault monster count
 F = Vault count percentage of total count
                 A         B        C        D         E       F
            +---------+---------+-------+---------+---------+-------
      Total |   22111 |    6539 |  22.8 |     212 |      77 |  26.6
            +---------+---------+-------+---------+---------+-------
        D:1 |      27 |       4 |  12.9 |      16 |       2 |  11.1
        D:2 |      54 |      11 |  16.9 |      19 |       7 |  26.9
        D:3 |      45 |      35 |  43.8 |      16 |      11 |  40.7
        D:4 |     340 |      13 |   3.7 |      14 |       7 |  33.3
        D:5 |     244 |     456 |  65.1 |       5 |       3 |  37.5
        D:6 |     359 |       0 |   0.0 |      16 |       0 |   0.0
        D:7 |     642 |     172 |  21.1 |       9 |       1 |  10.0
        D:8 |    1429 |     397 |  21.7 |      11 |       1 |   8.3
        D:9 |     993 |    2174 |  68.6 |      30 |      16 |  34.8
     Lair:1 |    3995 |     796 |  16.6 |      22 |       2 |   8.3
     Lair:2 |    8773 |    2330 |  21.0 |      37 |      11 |  22.9
     Lair:3 |    4788 |       0 |   0.0 |      15 |       0 |   0.0
     Lair:4 |     422 |       0 |   0.0 |       2 |       0 |   0.0
    Ossuary |       0 |     151 | 100.0 |       0 |      16 | 100.0
            +---------+---------+-------+---------+---------+-------
